 Dungeon Crawl Stone Soup version 0.29-a0-901-g46a8461d6a (webtiles) character file.

Game seed: 3409387773705748266

2492 Aviak the Blocker (level 9, -1/73 HPs)
             Began as a Formicid Fighter on July 23, 2022.
             Succumbed to a water moccasin's poison
             ... on level 6 of the Dungeon.
             The game lasted 00:09:15 (6383 turns).

Aviak the Blocker (Formicid Fighter)                Turns: 6383, Time: 00:09:15

Health: -1/73      AC: 10    Str: 24 (26) XL:     9   Next: 81%
Magic:  9/9        EV: 10    Int:  6 (7)  God:
Gold:   321        SH:  7    Dex: 17 (19) Spells: 8/8 levels left

rFire   . . .      SeeInvis +   v - +2 whip (venom)
rCold   . . .      Faith    .   s - +0 buckler
rNeg    . . .      Spirit   .   x - +0 acid dragon scales {rCorr}
rPois   .          Reflect  .   (helmet unavailable)
rElec   .          Harm     .   B - +1 cloak
rCorr   +          Rampage  .   (no gloves)
Will    .....                   (no boots)
Stlth   +.........              E - amulet of magic regeneration
HPRegen 0.22/turn               D - +6 ring of dexterity
MPRegen 0.51/turn               (no ring)

@: lethally poisoned (-1 -> -19)
A: permanent stasis, dig shafts and tunnels, antennae 3, four strong arms
a: Dig, Shaft Self


You were on level 6 of the Dungeon.
You visited 2 branches of the dungeon, and saw 7 of its levels.

You collected 321 gold pieces.

Inventory:

Hand Weapons
 v - a +2 whip of venom (weapon)
 A - a +0 giant spiked club
 C - a +0 giant spiked club
Armour
 b - a +0 scale mail
 o - a +0 chain mail
 s - a +0 buckler (worn)
 x - +0 acid dragon scales (worn) {rCorr}
 B - a +1 cloak (worn)
Jewellery
 t - a ring of ice
 w - an amulet of faith {!P}
 D - a +6 ring of dexterity (left hand)
 E - an amulet of magic regeneration (around neck)
Wands
 a - a wand of flame (17)
 g - a wand of polymorph (13)
Scrolls
 d - a scroll of noise {unknown}
 e - a scroll of enchant weapon
 f - a scroll of silence {!r}
 i - 2 scrolls of identify
 q - a scroll of enchant armour
 u - a scroll of vulnerability {unknown}
 y - a scroll of amnesia {unknown}
 z - 3 scrolls of poison {unknown}
Potions
 j - a potion of resistance {unknown}
 l - 2 potions of cancellation
 m - 2 potions of lignification {!q}
 n - a potion of ambrosia {unknown}
 p - 2 potions of degeneration {!q!q}
 r - a potion of mutation {unknown}


   Skills:
 + Level 7.7 Fighting
 + Level 6.5 Maces & Flails
 + Level 7.6 Armour
 + Level 9.1 Shields


You had 8 spell levels left.
You didn't know any spells.
Your spell library contained the following spells:

 Spells                   Type           Power      Damage    Failure   Level
 Conjure Flame            Conj/Fire      0%         6-21      91%         3
 Ignite Poison            Fire/Tmut/Pois 0%         N/A       91%         3
 Sticky Flame             Conj/Fire      0%         2d3       100%        4


Dungeon Overview and Level Annotations

Branches:
Dungeon (6/15) Zot: 25998  Temple (1/1) D:6 Zot: 5888

Altars:
Dithmenos
Gozag
Hepliaklqana
Makhleb
Ru
Sif Muna
Trog
Yredelemnul

Annotations:
D:6 2 transporters, 2 runed translucent doors, Shym's ghost, novice GrEE


Innate Abilities, Weirdness & Mutations

You cannot be hasted, slowed, berserked, paralysed or teleported.
You can dig through walls and to a lower floor.
You have a pair of large antennae on your head. (SInv)
Your four strong arms can wield two-handed weapons with a shield.


Message History

The water moccasin bites you but does no damage. x2
The water moccasin attacks as you move away!
The water moccasin barely misses you.
The killer bee buzzes angrily.
The water moccasin bites you.
* * * LOW HITPOINT WARNING * * *
You are poisoned.
The water moccasin poisons you!
Unknown command.
* * * LOW HITPOINT WARNING * * *
You feel very sick.
Unknown command.
You barely miss the water moccasin.
The water moccasin is moderately wounded.
You feel very sick.
The water moccasin closely misses you. x2
Unknown command.
Unknown command.
Unknown command.
Okay, then.
Okay, then.
You barely miss the water moccasin.
The water moccasin is lightly wounded.
You feel sick.
The water moccasin bites you but does no damage.
You hit the water moccasin.
The water moccasin is moderately wounded.
You feel sick. The water moccasin bites you.
* * * LOW HITPOINT WARNING * * *
You are lethally poisoned!
The water moccasin poisons you!
Unknown command.
You hit the water moccasin.
The water moccasin is moderately wounded.
* * * LOW HITPOINT WARNING * * *
You feel very sick. You block the water moccasin's attack.
You miss the water moccasin.
The water moccasin is moderately wounded.
You die...

.....##.#)#..#
####.#..#+#..#
...#.#.##y##.##
##.#...#...#..##
.#.#..##.yy##..##
.#.).##..yyy##..##
#..##...y{yy##..#
#.##+##yy{##+##.#
...#..{#####..s#@#
...#..S{#$#...s#S##
...#....#(#...{#S.#
.#.#...)'''...s#..#
.#.# #†#...##..#
#.#.###...#
...###.###.....#
#S........##.##
#..#####..##..#


You could see 2 water moccasins, a redback and a scorpion.

Vanquished Creatures
  Maggie (D:6)
  Grinder (D:5)
  3 redbacks (D:6)
  A water moccasin (D:6)
  Duvessa (D:5)
  An ice beast (D:5)
  3 black bears
  A sky beast (D:6)
  3 ogres
  A bullfrog (D:6)
  2 necrophages
  A scorpion (D:5)
  Dowan (D:5)
  A howler monkey (D:4)
  A jelly (D:6)
  A hound (D:5)
  2 iguanas
  3 orc wizards
  5 adders
  A shadow imp (D:6)
  2 ufetubi
  2 worms
  3 dart slugs
  13 orcs
  7 ball pythons
  8 bats
  11 endoplasms
  4 giant cockroaches
  13 goblins
  9 hobgoblins
  10 jackals
  6 kobolds
  4 quokkas
  2 frilled lizards
  A rat (D:3)
129 creatures vanquished.

Notes
Turn   | Place    | Note
-------+----------+-------------------------------------------
     0 | D:1      | Aviak the Formicid Fighter began the quest for the Orb.
     0 | D:1      | Reached XP level 1. HP: 18/18 MP: 1/1
    61 | D:1      | Reached XP level 2. HP: 18/24 MP: 2/2
   643 | D:1      | Reached XP level 3. HP: 24/29 MP: 3/3
   762 | D:1      | Found a faded altar of an unknown god.
  1380 | D:2      | Reached XP level 4. HP: 36/37 MP: 4/4
  1999 | D:3      | Identified the +0 leather armour of the Armoured One {rN+
                  | Str+3 Dex-5}
  2482 | D:3      | Reached XP level 5. HP: 40/42 MP: 5/5
  2588 | D:3      | Reached skill level 5 in Shields
  2885 | D:4      | Reached XP level 6. HP: 43/49 MP: 6/6
  2953 | D:4      | Noticed a black bear
  2964 | D:4      | Killed a black bear
  2996 | D:4      | Found a shadowy altar of Dithmenos.
  3371 | D:4      | Noticed an ogre
  3380 | D:4      | Killed an ogre
  3381 | D:4      | Reached skill level 5 in Fighting
  3381 | D:4      | Reached skill level 5 in Armour
  3381 | D:4      | Reached skill level 6 in Shields
  3381 | D:4      | Reached XP level 7. HP: 15/56 MP: 7/7
  3938 | D:5      | Entered Level 5 of the Dungeon
  4376 | D:5      | Reached XP level 8. HP: 63/63 MP: 8/8
  4522 | D:5      | Noticed Duvessa
  4522 | D:5      | Noticed Dowan
  4534 | D:5      | Killed Duvessa
  4539 | D:5      | Killed Dowan
  4540 | D:5      | Reached skill level 7 in Shields
  4788 | D:5      | Reached skill level 5 in Maces & Flails
  4824 | D:5      | Noticed Grinder
  4846 | D:5      | Killed Grinder
  5038 | D:5      | Reached XP level 9. HP: 65/71 MP: 9/9
  5287 | D:6      | Reached skill level 8 in Shields
  5287 | D:6      | Noticed Maggie
  5300 | D:6      | Killed Maggie
  5447 | D:6      | Found a transporter.
  5451 | D:6      | Noticed Shym's ghost (novice GrEE)
  5464 | D:6      | Found a transporter.
  5644 | D:6      | Found the +9 staff of Olgreb {rPois∞}
  5651 | D:6      | Found a runed translucent door.
  5778 | D:6      | Found a staircase to the Ecumenical Temple.
  5893 | Temple   | Entered the Ecumenical Temple
  6302 | D:6      | Found a runed translucent door.
  6309 | D:6      | Found a runed translucent gate.
  6309 | D:6      | Found a runed translucent gate.
  6324 | D:6      | Found a runed translucent gate.
  6350 | D:6      | Reached skill level 9 in Shields
  6354 | D:6      | HP: 1/108 [redback (9)]
  6382 | D:6      | HP: 2/73 [poisoned by a water moccasin]
  6383 | D:6      | Succumbed to a water moccasin's poison

Illustrated notes

Levels and vault maps discovered:
D:1:      co_arrival_square_in_a_square_in_a_square, layout_rooms,
          basic_ecumenical_altar, minmay_bisected
D:2:      layout_loops_ring, minmay_goblin_kobold_house
D:3:      layout_basic
D:4:      layout_cave_pools, nicolae_dithmenos_through_a_glass_darkly,
          roderic_serpentine_path, hangedman_decor_slide_cut,
          kennysheep_pointless_box, minmay_misc_feat_room
D:5:      layout_rooms, uniq_grinder, uniq_duvessa
D:6:      layout_basic, temple_statues, gammafunk_ghost_stat_death,
          minmay_guarded_unrand_staff_of_olgreb, uniq_maggie
Temple:   hellmonk_temple_beads

Skill      XL: |  1  2  3  4  5  6  7  8  9 |
---------------+----------------------------+-----
Fighting       | 4 5 6 7 |  7.7
Armour         | 4 5 6 7 |  7.6
Maces & Flails | 3 4 5 6 |  6.5
Shields        | 5 6 7 9 |  9.1

Action                   |  1- 3 |  4- 6 |  7- 9 || total
-------------------------+-------+-------+-------++-------
Melee: Flail             |    10 |       |       ||    10
       Morningstar       |    83 |    84 |       ||   167
       Whip              |       |    87 |   218 ||   305
Evoke: Wand              |       |       |     5 ||     5
  Use: Potion            |       |     1 |     8 ||     9
       Scroll            |       |       |     8 ||     8
Armor: Scale mail        |    47 |       |       ||    47
       Chain mail        |     3 |   110 |    86 ||   199
       Acid dragon scale |       |       |    18 ||    18
       Skin              |       |       |    12 ||    12
Dodge: Dodged            |    33 |    66 |    55 ||   154
Block: Buckler           |    25 |    48 |    46 ||   119

Table legend: (Time is in decaauts)
 A = Elapsed time spent in this place.
 B = Non-inter-level travel time spent in this place.
 C = Inter-level travel time spent in this place.
 D = Time resting spent in this place.
 E = Time spent auto-exploring this place.
 F = Levels seen in this place.
 G = Mean time per level.
                   A        B        C        D        E       F      G
               +--------+--------+--------+--------+--------+-----+--------+
         Total |   6420 |   6223 |    197 |    703 |   4398 |   7 |  917.1 |
       Dungeon |   6309 |   6122 |    187 |    703 |   4305 |   6 | 1051.5 |
        Temple |    111 |    101 |     10 |      0 |     93 |   1 |  111.0 |
               +--------+--------+--------+--------+--------+-----+--------+

Top non-repeatable levels by time:
     D:5: 1302 daAuts
     D:4: 1200 daAuts
     D:1: 1082 daAuts
     D:6: 1001 daAuts
     D:2: 910 daAuts
     D:3: 811 daAuts
  Temple: 111 daAuts
